Map: Galactic Process LE

Players

WhiteOmin

  • Race: Terran Terran
  • Spawn Location: 1:00

hinO

  • Race: Terran Terran
  • League: Master
  • Spawn Location: 7:00

goloworez

  • Race: Zerg Zerg

Amix

  • Race: Zerg Zerg
  • League: Platinum

VOD

Have the link to the VOD?

Description

Time

  • Played on: Nov. 15, 2016, 1:40 p.m.
  • Length: 6:28
Show
View Real Time Build Order
Export as new Build Order

WhiteOmin Terran 

Build Orders: Mech 

Get SALT Encoding   

  12  0:01  SCV  
  13  0:13  SCV  
  14  0:17  Supply Depot  
  14  0:25  SCV  
  15  0:29  Refinery  
  15  0:39  SCV  
  16  0:46  Barracks  
  16  0:52  SCV  
  17  1:03  Refinery  
  17  1:04  SCV  
  18  1:16  SCV  
  19  1:33  Orbital Command  
  19  1:37  Factory  
  19  1:41  Marine  
  20  1:54  Supply Depot  
  20  2:02  SCV  
  20  2:05  Barracks Reactor  
  21  2:14  SCV  
  22  2:28  SCV  
  23  2:40  SCV  
  24  2:47  Hellion x2  
  28  2:55  SCV, Command Center  
  29  3:07  SCV  
  30  3:21  Supply Depot  
  30  3:31  Factory  
  30  3:35  SCV, Starport  
  31  3:43  Hellion x2  
  35  3:50  SCV  
  36  4:06  Hellion  
  36  4:07  Hellion  
  40  4:15  Factory Tech Lab  
  37  4:17  Viking  
  40  4:21  SCV  
  40  4:24  Orbital Command  
  43  4:30  Engineering Bay  
  43  4:33  SCV  
  43  4:37  Hellion  
  43  4:38  Hellion  
  48  4:39  Siege Tank  
  48  4:45  SCV, Infernal Pre-Igniter  
  52  4:49  SCV  
  53  4:57  SCV  
  54  5:12  Supply Depot  
  54  5:17  Supply Depot  
  54  5:20  Supply Depot  
  54  5:21  Widow Mine  
  54  5:23  Supply Depot  
  54  5:29  SCV  
  54  5:30  Factory  
  54  5:31  Viking, Supply Depot  
  54  5:33  Widow Mine  
Show
View Real Time Build Order
Export as new Build Order

hinO Terran 

Build Orders:  

Get SALT Encoding   

  12  0:01  Drone  
  13  0:08  Drone  
  14  0:16  Overlord  
  14  0:23  Drone, Extractor  
  15  0:34  Drone  
  16  0:36  Drone  
  17  0:54  Hatchery  
  17  0:55  Drone  
  17  1:00  Drone, Extractor  
  17  1:15  Spawning Pool  
  17  1:18  Drone  
  17  1:22  Drone  
  18  1:31  Drone  
  19  1:38  Overlord  
  19  1:49  Drone  
  20  2:00  Drone  
  21  2:06  Drone  
  21  2:08  Queen x2  
  22  2:11  Zergling x2  
  27  2:17  Zergling x2  
  27  2:18  Metabolic Boost  
  28  2:23  Drone  
  28  2:28  Drone  
  30  2:32  Drone  
  31  2:40  Drone  
  31  2:43  Drone  
  31  2:44  Pneumatized Carapace  
  33  2:50  Drone  
  34  2:53  Overlord  
  34  2:57  Queen  
  36  3:07  Spawning Pool  
  36  3:08  Zergling x2  
  36  3:11  Zergling x2  
  36  3:12  Zergling x2  
  37  3:16  Zergling x2  
  37  3:18  Drone  
  38  3:20  Overlord  
  38  3:29  Zergling x2  
  38  3:31  Zergling x4  
  41  3:35  Zergling x2  
  42  3:48  Zergling x8  
  44  3:49  Zergling x2  
  47  4:02  Evolution Chamber  
  46  4:03  Zergling x4  
  46  4:05  Overlord  
  46  4:06  Queen x2  
  52  4:15  Overlord x2  
  52  4:35  Zergling x2  
  52  4:36  Zergling x12  
  59  4:57  Drone x6  
  65  5:01  Queen  
  67  5:10  Queen  
  67  5:11  Zergling x4  
  67  5:12  Zergling x2  
  72  5:25  Overlord  
  72  5:30  Zergling x8  
  66  6:01  Zergling x12  
  63  6:08  Zergling x2  
Show
View Real Time Build Order
Export as new Build Order

goloworez Zerg 

Build Orders:  

Get SALT Encoding   

Show
View Real Time Build Order
Export as new Build Order

Amix Zerg 

Build Orders:  

Get SALT Encoding   

Tags
 
Add a new tag
Caveats
  • Supply blocks, unpowered buildings, or Contaminate may cause inaccurate times.
  • Supply counts are checked every 10 seconds.